 Dungeon Crawl Stone Soup version 0.25-a0-424-g80bd347ae0 (webtiles) character file.

Game seed: 8621003021070317905, levelgen mode: deterministic

1228 tilp the Gusty (level 8, -1/46 HPs)
             Began as a Tengu Air Elementalist on Jan 23, 2020.
             Slain by a wight
             ... wielding a +3 mace
              (3 damage)
             ... on level 6 of the Dungeon.
             The game lasted 00:11:24 (4934 turns).

tilp the Gusty (Tengu Air Elementalist)             Turns: 4934, Time: 00:11:25

Health: -1/46      AC:  3    Str: 13    XL:     8   Next: 48%
Magic:  15/15      EV: 17    Int: 18    God:
Gold:   202        SH:  5    Dex: 14    Spells: 5/15 levels left

rFire    . . .     SeeInvis .   a - +2 hand axe (vorpal)
rCold    . . .     Gourm    .   o - +0 buckler
rNeg     . . .     Faith    .   y - +0 robe
rPois    .         Spirit   .   (helmet restricted)
rElec    .         Reflect  .   v - +0 cloak
rCorr    .         Harm     .   (no gloves)
MR       .....                  (boots unavailable)
Stlth    +++.......             (no amulet)
HPRegen  0.15/turn              e - +4 ring of strength (curse)
MPRegen  0.14/turn              g - ring of stealth

@: flying quickly and evasively, lightly drained, quick
A: beak, talons 3, able to fly
a: Stop Flying


You were on level 6 of the Dungeon.
You were not hungry.

You visited 1 branch of the dungeon, and saw 6 of its levels.

You collected 202 gold pieces.

Inventory:

Hand Weapons
 a - a +2 vorpal hand axe (weapon)
 j - a +0 vampiric whip
 D - a cursed +0 short sword
Missiles
 f - 212 stones (quivered)
 x - 34 sling bullets
Armour
 o - a +0 buckler (worn)
 v - a +0 cloak (worn)
 y - a +0 robe (worn)
Jewellery
 e - a cursed +4 ring of strength (left hand)
 g - a ring of stealth (right hand)
Scrolls
 b - 6 scrolls of teleportation
 d - a scroll of fear
 i - a scroll of enchant weapon
 m - 2 scrolls of amnesia
 n - a scroll of magic mapping
 p - a scroll of fog
 t - a scroll of blinking {unknown}
 z - 2 scrolls of remove curse
 A - 2 scrolls of immolation
Potions
 h - 3 potions of curing
 k - a potion of might
 l - a potion of degeneration {unknown}
 r - a potion of agility {unknown}
 s - 2 potions of heal wounds {unknown}
 u - a potion of mutation {unknown}
 w - a potion of brilliance {unknown}
 B - 2 potions of cancellation {unknown}
 C - a potion of berserk rage {unknown}
Comestibles
 c - 7 rations


   Skills:
 + Level 3.4(3.0) Fighting
 + Level 4.5(4.2) Dodging
 - Level 2.0(1.7) Stealth
 - Level 4.2(3.9) Shields
 - Level 4.0(3.7) Spellcasting
 - Level 6.0(5.6) Conjurations
 - Level 6.4(6.0) Air Magic


You had 5 spell levels left.
You knew the following spells:

 Your Spells              Type           Power        Failure   Level  Hunger
a - Shock                 Conj/Air       ###.         1%          1    None
b - Swiftness             Chrm/Air       ##......     7%          2    ##.....
c - Static Discharge      Conj/Air       ###.....     4%          3    ###....
d - Airstrike             Air            ####......   12%         4    ####...

Your spell library contained the following spells:

 Spells                   Type           Power        Failure   Level  Hunger
 Lightning Bolt           Conj/Air       ###.......   36%         5    ######.


Dungeon Overview and Level Annotations

Branches:
Dungeon (6/15)
 Temple: D:4-7

Altars:
Gozag
Makhleb
Trog
Zin
The Shining One

Annotations:
D:4 Eustachio
D:5 3 runed translucent doors, Grinder; Grizz's ghost, novice MiFi


Innate Abilities, Weirdness & Mutations

You have a beak for a mouth.
You have claws for feet.
You can fly continuously.


Message History

The wight is almost destroyed.
You hit the wight. x2; The wight misses you.
You block the wight's attack. The wight misses you.
Unknown command.
You hit the wight.
You destroy the wight!
You closely miss the wight. You hit the wight but do no damage.
The wight hits you with a +0 great sword.
* * * LOW HITPOINT WARNING * * *
You block the wight's attack.
Unknown command.
You hit the wight.
The wight is severely damaged.
You hit the wight.
The wight hits you with a +0 great sword!
* * * LOW HITPOINT WARNING * * *
The wight hits you with a +3 mace!
* * * LOW HITPOINT WARNING * * *
You feel drained.
You die...

.. ...
...# ..#
..# #.#
#.## #)@#
##zz#
#....
#.....#
........
.##..####
# ###


You could see 2 wights.

Vanquished Creatures
  2 phantoms
  A sky beast (D:4)
  An ice beast (D:5)
  3 ogres
  A scorpion (D:5)
  A wight (D:6)
  2 howler monkeys (D:4)
  A crimson imp (D:5)
  An orc wizard (D:4)
  3 hounds (D:4)
  An iguana (D:4)
  Terence (D:3)
  A worker ant (D:5)
  A worker ant zombie (D:5)
  4 gnolls
  A howler monkey skeleton (D:4)
  7 adders
  3 oozes
  An adder skeleton (D:5)
  A worm (D:2)
  2 dart slugs
  3 leopard geckos
  7 orcs
  2 ball pythons
  13 bats
  3 giant cockroaches
  5 goblins
  5 hobgoblins
  2 jackals (D:2)
  8 kobolds
  A quokka (D:5)
  3 frilled lizards
  A leopard gecko skeleton (D:4)
  7 rats
99 creatures vanquished.

Notes
Turn   | Place    | Note
-------+----------+-------------------------------------------
     0 | D:1      | tilp the Tengu Air Elementalist began the quest for the
                  | Orb.
     0 | D:1      | Reached XP level 1. HP: 10/10 MP: 4/4
   198 | D:1      | Reached XP level 2. HP: 15/15 MP: 3/6
   230 | D:1      | Learned a level 2 spell: Swiftness
   754 | D:1      | Reached XP level 3. HP: 19/19 MP: 4/7
   759 | D:1      | Learned a level 3 spell: Static Discharge
  1213 | D:2      | Found a glowing golden altar of the Shining One.
  1292 | D:2      | Found a bloodstained altar of Trog.
  1292 | D:2      | Found a glowing silver altar of Zin.
  1462 | D:2      | Reached XP level 4. HP: 24/24 MP: 3/8
  1988 | D:3      | Noticed Terence
  2084 | D:3      | Reached skill level 5 in Conjurations
  2107 | D:3      | Reached skill level 5 in Air Magic
  2164 | D:3      | Killed Terence
  2164 | D:3      | Gained mutation: You can fly continuously. [Tengu growth]
  2164 | D:3      | Reached XP level 5. HP: 7/28 MP: 0/9
  2595 | D:3      | You are sucked into a shaft and drop 2 floors!
  2595 | D:5      | Entered Level 5 of the Dungeon
  2708 | D:5      | Reached XP level 6. HP: 31/32 MP: 2/10
  2836 | D:5      | Found a runed translucent gate.
  2836 | D:5      | Found a runed translucent gate.
  2836 | D:5      | Found a runed translucent gate.
  2836 | D:5      | Found an opulent altar of Gozag.
  2837 | D:5      | Noticed Grizz's ghost (novice MiFi)
  2837 | D:5      | Noticed a necrophage
  2844 | D:5      | Noticed an ice beast
  2852 | D:5      | Killed an ice beast
  2956 | D:5      | Noticed Grinder
  3267 | D:3      | Reached XP level 7. HP: 36/36 MP: 11/13
  3535 | D:3      | Found a burning altar of Makhleb.
  3622 | D:3      | Learned a level 4 spell: Airstrike
  4108 | D:4      | Reached skill level 1 in Fighting
  4108 | D:4      | Reached XP level 8. HP: 30/43 MP: 15/15
  4230 | D:4      | Noticed Eustachio
  4934 | D:6      | HP: 2/46 [wight/+3 mace (8)]
  4934 | D:6      | Slain by a wight

Levels and vault maps discovered:
D:1:      lightli_arrival_maybe_door_vault, layout_basic
D:2:      layout_basic, nicolae_overflow_hidden_temple,
          grunt_temple_overflow_open, first_ration, minmay_pentomino_w2
D:3:      layout_loops_ring, lightli_temple_of_fire, uniq_terence
D:4:      layout_loops_cross, minmay_unequal, uniq_eustachio
D:5:      layout_rooms, ebering_ghost_gozag, uniq_grinder
D:6:      layout_layer_cave, temple_statues

Skill      XL: |  1  2  3  4  5  6  7  8 |
---------------+-------------------------+-----
Conjurations   | 2 4 5 6 |  6.0
Air Magic      | 5 6 |  6.4
Spellcasting   | 3 4 |  4.0
Shields        | 4 |  4.2
Fighting       | 1 3 |  3.4
Dodging        | 4 |  4.5
Stealth        | |  2.0

Action                   |  1- 3 |  4- 6 |  7- 9 || total
-------------------------+-------+-------+-------++-------
Melee: Spear             |       |    12 |       ||    12
       Peck              |       |     5 |     4 ||     9
       Hand axe          |       |    25 |    54 ||    79
       Kick              |       |     4 |     8 ||    12
Throw: Stone             |       |     1 |       ||     1
 Cast: Shock             |    74 |    62 |    47 ||   183
       Static Discharge  |       |     1 |     1 ||     2
       Airstrike         |       |       |     6 ||     6
 Abil: Fly               |       |     1 |       ||     1
  Use: Scroll            |     1 |       |     9 ||    10
 Stab: Sleeping          |       |     3 |     3 ||     6
  Eat: Chunk             |     3 |     7 |     6 ||    16
Armor: Robe              |       |     5 |     4 ||     9
Dodge: Dodged            |     3 |    28 |    41 ||    72
Block: Buckler           |       |       |     7 ||     7

Table legend:
 A = Non-vault XP
 B = Vault XP
 C = Vault XP percentage of total XP
 D = Non-vault monster count
 E = Vault monster count
 F = Vault count percentage of total count
                 A         B        C        D         E       F
            +---------+---------+-------+---------+---------+-------
      Total |    1567 |     188 |  10.7 |      93 |       6 |   6.1
            +---------+---------+-------+---------+---------+-------
        D:1 |      52 |       0 |   0.0 |      23 |       0 |   0.0
        D:2 |      49 |       2 |   3.9 |      18 |       1 |   5.3
        D:3 |     160 |      36 |  18.4 |      27 |       1 |   3.6
        D:4 |     707 |     150 |  17.5 |      14 |       4 |  22.2
        D:5 |     542 |       0 |   0.0 |      10 |       0 |   0.0
        D:6 |      57 |       0 |   0.0 |       1 |       0 |   0.0
            +---------+---------+-------+---------+---------+-------
